AoeStats
← Fs.Carniça

Arabia

510346230Analyzed
1v1 RM · 19h ago on Sep 30, 2026· 41m 23s· 2 players
Game mode
Random Map
Map size
Tiny (2 player)
Population
200
Speed
Normal
Resources
Standard
Victory
Conquest
Starting age
Dark Age
Ending age
Imperial Age
RankedLock teamsTeams togetherTeam positionsShared explorationLock speedFull tech treeHidden civsTurbo modeCheats
Victory
Defeat
🇧🇷 Cumans · Brazil
1650
+10
🇳🇴 Cumans · Norway
1524
-10
Option
7:04 Loom
9:16 Feudal Age
10:17 Double-Bit Axe
15:53 Horse Collar
20:47 Castle Age
20:14 Scale Barding Armor
20:36 Bloodlines
21:37 Gold Mining
22:29 Bow Saw
25:47 Forging
28:15 Chain Barding Armor
30:06 Wheelbarrow
32:47 Iron Casting
37:32 Imperial Age
35:37 Fletching
36:17 Bodkin Arrow
39:12 Plate Barding Armor
39:38 Blast Furnace
38:02 Cavalier
40:16 Gold Shaft Mining
39:32 Stone Mining
Fs.Carniça
6:20 Loom
9:14 Feudal Age
9:43 Double-Bit Axe
11:55 Horse Collar
17:16 Wheelbarrow
18:12 Gold Mining
22:28 Castle Age
22:16 Forging
22:17 Bloodlines
25:45 Bow Saw
25:36 Heavy Plow
26:54 Iron Casting
31:18 Scale Barding Armor
36:34 Imperial Age
37:19 Chain Barding Armor
37:56 Cavalier
40:20 Blast Furnace
40:49 Conscription
42:33 Plate Barding Armor
Connection lost

Rejoining the realm…

Still unreachable

The connection could not be restored.

Session expired

The server has moved on; the page needs a fresh start.